 Dungeon Crawl Stone Soup version 0.30-a0-50-gb2d611f6b1 (webtiles) character file.

Game seed: 1736858972067234700

611087 purpskrrrp the Heavyweight Champion (level 26, -54/306 HPs)
             Began as a Troll Fighter on Sept 4, 2022.
             Was an Initiate of Gozag.
             Killed from afar by a yellow draconian annihilator (71 damage)
             ... with a crystal spear
             ... led by a yellow draconian annihilator
             ... on level 1 of the Realm of Zot.
             The game lasted 04:23:01 (59917 turns).

purpskrrrp the Heavyweight Champion (TrFi)         Turns: 59917, Time: 04:23:02

Health: -54/306    AC: 42    Str: 43    XL:     26   Next: 24%
Magic:  22/22      EV: 11    Int: 18    God:    Gozag
Gold:   13561      SH: 16    Dex: 12    Spells: 25/25 levels left

rFire   + . .      SeeInvis +      - Unarmed
rCold   + + +      Faith    .    z - +2 shield of Resistance {rF++ rC++ Will++}
rNeg    . . .      Spirit   .    a - +10 gold dragon scales "Boruuck" {rPois rF+ rC+ rCorr}
rPois   +          Reflect  .    L - +0 mask of the Dragon {Will+ Slay+3 SInv}
rElec   .          Harm     .    X - +0 cloak of Egalitarianism {rF- rCorr Int+6 Dex+4}
rCorr   +          Rampage  .    (gloves unavailable)
Will    ++++.                    (boots unavailable)
Stlth   ..........               C - amulet "Baunekoa" {RegenMP rPois Regen+ Slay+5}
HPRegen 2.21/turn                b - ring of Cosyihofe {Ice rPois Slay+6}
MPRegen 0.58/turn                o - ring "Ehiatin" {*Slow rPois AC+4 Int+9 Slay+2}

@: lethally poisoned (-54 -> -54), gold aura, slowed, studying 2 skills, unable
to read, very slow
A: large, unfitting armour, claws 3, regeneration 1, shaggy fur 1, tough skin 1,
antennae 1, beak, hooves 1, iridescent scales 1, robust 1, strong 1, inability
to read after injury 1
}: 4/15 runes: decaying, slimy, silver, gossamer
a: Renounce Religion, Potion Petition, Call Merchant, Bribe Branch


You were on level 1 of the Realm of Zot.
You worshipped Gozag.
Gozag was extremely pleased with you.
You visited 14 branches of the dungeon, and saw 54 of its levels.
You also visited: Sewer, Ossuary, Gauntlet, Volcano and Desolation.

You collected 32978 gold pieces.
You spent 13162 gold pieces at shops.
You paid 6255 gold pieces to Gozag.

Inventory:

Hand Weapons
 r - a +8 spectral giant spiked club
 D - a +5 quick blade of protection
Missiles
 d - 108 large rocks
 p - 2 throwing nets
 U - 12 silver boomerangs
 Y - 14 silver javelins
Armour
 a - the +10 gold dragon scales "Boruuck" (worn) {rPois rF+ rC+ rCorr}
   (You bought it in a shop on level 2 of the Orcish Mines)

   rF:        It protects you from fire.
   rC:        It protects you from cold.
   rPois:     It protects you from poison.
   rCorr:     It protects you from acid and corrosion.
 z - the +2 shield of Resistance (worn) {rF++ rC++ Will++}
   (You found it on level 5 of the Pits of Slime)

   rF:        It greatly protects you from fire.
   rC:        It greatly protects you from cold.
   Will:      It greatly increases your willpower.
 B - a +5 kite shield of protection
 L - the +0 mask of the Dragon (worn) {Will+ Slay+3 SInv}
   (You bought it in a shop on level 9 of the Dungeon)

   Slay:      It affects your accuracy & damage with ranged weapons and melee
   (+3).
   SInv:      It lets you see invisible.
   Will:      It increases your willpower.
 X - the +0 cloak of Egalitarianism (worn) {rF- rCorr Int+6 Dex+4}
   (You bought it in a shop on level 2 of the Orcish Mines)

   Int:       It affects your intelligence (+6).
   Dex:       It affects your dexterity (+4).
   rF:        It makes you vulnerable to fire.
   rCorr:     It protects you from acid and corrosion.
Jewellery
 b - the ring of Cosyihofe (left claw) {Ice rPois Slay+6}
   (You took it off Josephina on level 2 of the Depths)

   [ring of ice]

   It enhances your ice magic.
   Slay:      It affects your accuracy & damage with ranged weapons and melee
   (+6).
   rF:        It makes you vulnerable to fire.
   rC:        It protects you from cold.
   rPois:     It protects you from poison.
 c - the ring "Bezis" {EV+4 Str+6 Dex+4}
   (You found it on level 2 of the Vaults)

   [ring of evasion]

   EV:        It affects your evasion (+4).
   Str:       It affects your strength (+6).
   Dex:       It affects your dexterity (+4).
 o - the ring "Ehiatin" (right claw) {*Slow rPois AC+4 Int+9 Slay+2}
   (You bought it in a shop on level 1 of the Elven Halls)

   [ring of protection]

   AC:        It affects your AC (+4).
   Int:       It affects your intelligence (+9).
   Slay:      It affects your accuracy & damage with ranged weapons and melee
   (+2).
   rPois:     It protects you from poison.
   *Slow:     It may slow you when you take damage.
 q - a +4 ring of evasion
 u - an amulet of guardian spirit
 C - the amulet "Baunekoa" (around neck) {RegenMP rPois Regen+ Slay+5}
   (You acquired it on level 5 of the Vaults)

   [amulet of magic regeneration]

   It increases your rate of magic regeneration.
   Slay:      It affects your accuracy & damage with ranged weapons and melee
   (+5).
   rPois:     It protects you from poison.
   Regen:     It increases your rate of health regeneration.
 F - an amulet of the acrobat
 N - the ring "Bommon" {Fly rElec rC+ Str+3 Int+6}
   (You found it in a Gauntlet)

   [ring of intelligence]

   Str:       It affects your strength (+3).
   Int:       It affects your intelligence (+6).
   rC:        It protects you from cold.
   rElec:     It insulates you from electricity.
   Fly:       It grants you flight.
 O - a ring of see invisible
 S - an amulet of regeneration
Wands
 n - a wand of light (37)
 x - a wand of polymorph (26)
 y - a wand of roots (44) (quivered)
 H - a wand of digging (20)
 Q - a wand of paralysis (22)
 Z - a wand of flame (7)
Scrolls
 f - 6 scrolls of silence
 i - 24 scrolls of teleportation
 l - 2 scrolls of enchant armour
 m - 3 scrolls of brand weapon
 s - 3 scrolls of enchant weapon
 w - 4 scrolls of magic mapping
 E - 7 scrolls of blinking
 G - 7 scrolls of fear
 I - 2 scrolls of amnesia
 M - 3 scrolls of butterflies
 P - 4 scrolls of summoning
 R - 11 scrolls of poison
Potions
 e - 6 potions of ambrosia
 g - 44 potions of curing
 h - 15 potions of mutation
 j - 5 potions of magic
 k - a potion of berserk rage
 t - 11 potions of cancellation
 v - 4 potions of haste
 A - 2 potions of brilliance
 K - a potion of resistance
 T - 6 potions of heal wounds
 V - 5 potions of might
 W - 2 potions of flight
Miscellaneous
 J - a lightning rod (4/4)


   Skills:
 + Level 19.1 Fighting
 - Level 7.9 Maces & Flails
 + Level 19.9 Armour
 + Level 16.9 Dodging
 + Level 19.1 Shields
 O Level 27 Unarmed Combat


You had 25 spell levels left.
You didn't know any spells.
Your spell library contained the following spells:

 Spells                   Type           Power      Damage    Failure   Level
 Beastly Appendage        Tmut           0%         N/A       83%         1
 Foxfire                  Conj/Fire      0%         2x1d4     83%         1
 Freeze                   Ice            0%         1d3       83%         1
 Magic Dart               Conj           0%         1d3       83%         1
 Necrotise                Necr           0%         1d4       83%         1
 Sandblast                Erth           0%         2d4       83%         1
 Shock                    Conj/Air       0%         1d3       83%         1
 Slow                     Hex            0%         N/A       83%         1
 Sting                    Tmut/Pois      0%         1d3       83%         1
 Summon Small Mammal      Summ           0%         N/A       83%         1
 Blink                    Tloc           0%         N/A       93%         2
 Ensorcelled Hibernation  Hex/Ice        0%         N/A       93%         2
 Passwall                 Tmut/Erth      0%         N/A       93%         2
 Poisonous Vapours        Pois/Air       0%         N/A       93%         2
 Searing Ray              Conj           0%         2d4       93%         2
 Static Discharge         Conj/Air       0%         3-3/arc   93%         2
 Sublimation of Blood     Necr           0%         N/A       93%         2
 Wereblood                Tmut           0%         N/A       93%         2
 Confusing Touch          Hex            0%         N/A       99%         3
 Conjure Flame            Conj/Fire      0%         6-21      99%         3
 Dazzling Flash           Conj/Hex       0%         N/A       99%         3
 Frozen Ramparts          Ice            0%         1d1       99%         3
 Gell's Gravitas          Tloc           0%         N/A       99%         3
 Ignite Poison            Fire/Tmut/Pois 0%         N/A       99%         3
 Inner Flame              Hex/Fire       0%         N/A       99%         3
 Lesser Beckoning         Tloc           0%         N/A       99%         3
 Mephitic Cloud           Conj/Pois/Air  0%         N/A       99%         3
 Ozocubu's Armour         Ice            0%         N/A       99%         3
 Portal Projectile        Hex/Tloc       0%         N/A       99%         3
 Spider Form              Tmut/Pois      0%         N/A       99%         3
 Stone Arrow              Conj/Erth      0%         3d7       99%         3
 Summon Guardian Golem    Hex/Summ       0%         N/A       99%         3
 Swiftness                Air            0%         N/A       99%         3
 Teleport Other           Tloc           0%         N/A       99%         3
 Vampiric Draining        Necr           0%         2d6       99%         3
 Airstrike                Air            0%         2d(0-16)  100%        4
 Animate Armour           Summ/Erth      0%         N/A       100%        4
 Cause Fear               Hex            0%         N/A       100%        4
 Flame Wave               Conj/Fire      0%         2d4       100%        4
 Fulminant Prism          Conj/Hex       0%         3d6       100%        4
 Hailstorm                Conj/Ice       0%         3d3       100%        4
 Ice Form                 Ice/Tmut       0%         N/A       100%        4
 Leda's Liquefaction      Hex/Erth       0%         N/A       100%        4
 Olgreb's Toxic Radiance  Pois           0%         N/A       100%        4
 Petrify                  Tmut/Erth      0%         N/A       100%        4
 Summon Ice Beast         Ice/Summ       0%         N/A       100%        4
 Agony                    Necr           0%         N/A       100%        5
 Alistair's Intoxication  Tmut/Pois      0%         N/A       100%        5
 Borgnjor's Vile Clutch   Necr/Erth      0%         N/A       100%        5
 Fireball                 Conj/Fire      0%         3d3       100%        5
 Freezing Cloud           Conj/Ice/Air   0%         6-21      100%        5
 Iskenderun's Battlesphe  Conj           0%         2d6       100%        5
 Lee's Rapid Deconstruct  Erth           0%         3d5*      100%        5
 Lightning Bolt           Conj/Air       0%         1d11      100%        5
 Manifold Assault         Tloc           0%         N/A       100%        5
 Metabolic Englaciation   Hex/Ice        0%         N/A       100%        5
 Summon Forest            Summ/Tloc      0%         N/A       100%        5
 Summon Mana Viper        Hex/Summ       0%         N/A       100%        5
 Yara's Violent Unravell  Hex/Tmut       0%         3d3       100%        5
 Conjure Ball Lightning   Conj/Air       0%         3x3d6     100%        6
 Death Channel            Necr           0%         N/A       100%        6
 Dispersal                Tloc           0%         N/A       100%        6
 Eringya's Noxious Bog    Tmut/Pois      0%         N/A       100%        6
 Starburst                Conj/Fire      0%         6d3       100%        6
 Statue Form              Tmut/Erth      0%         N/A       100%        6
 Summon Cactus Giant      Summ           0%         N/A       100%        6
 Dragon Form              Tmut           0%         N/A       100%        7
 Enfeeble                 Hex            0%         N/A       100%        7
 Haunt                    Necr/Summ      0%         N/A       100%        7
 Malign Gateway           Summ/Tloc      0%         N/A       100%        7
 Orb of Destruction       Conj           0%         9d5       100%        7
 Ozocubu's Refrigeration  Ice            0%         4d7       100%        7
 Spellforged Servitor     Conj/Summ      0%         N/A       100%        7
 Discord                  Hex            0%         N/A       100%        8
 Disjunction              Tloc           0%         N/A       100%        8
 Ignition                 Fire           0%         3d3       100%        8
 Chain Lightning          Conj/Air       0%         N/A       100%        9
 Dragon's Call            Summ           0%         N/A       100%        9
 Fire Storm               Conj/Fire      0%         5d1       100%        9
 Polar Vortex             Ice            0%         N/A       100%        9
 Shatter                  Erth           0%         3d5*      100%        9
 Corpse Rot               Necr/Pois/Air  Unusable   N/A       N/A         4
 Simulacrum               Ice/Necr       Unusable   N/A       N/A         6

Dungeon Overview and Level Annotations

Branches:
Dungeon (15/15)            Temple (1/1) D:4            Lair (5/5) D:10
  Swamp (4/4) Lair:2       Spider (4/4) Lair:2        Slime (5/5) Lair:4
    Orc (2/2) D:12            Elf (3/3) Orc:2        Vaults (5/5) D:14
  Crypt (3/3) Vaults:2       Tomb (1/3) Crypt:3      Depths (4/4) D:15
   Hell (visited)             Zot (1/5) Depths:4      Sewer (visited)
Ossuary (visited)         Volcano (visited)         Desolation (visited)
Gauntlet (visited)
    Dis: Hell:1         Geh: Hell:1         Coc: Hell:1         Tar: Hell:1

Altars:
Ashenzari
Cheibriados
Dithmenos
Fedhas
Gozag
Hepliaklqana
Kikubaaqudgha
Makhleb
Nemelex Xobeh
Okawaru
Qazlal
Ru
Trog
Uskayaw
Vehumet
Wu Jian
Xom
Yredelemnul
Zin
The Shining One

Shops:
D:7 =   D:9 [   D:10 *   D:12 *(*?*   D:14 [   Orc:2 !*[(:   Elf:1 =   Elf:3 ?
Swamp:4 [   Spider:2 [   Vaults:1 ((!   Vaults:2 *   Vaults:5 !?????
Depths:1 :=:*   Depths:2 :

Portals:
Hell: Depths:1 Depths:2 Depths:3 Depths:4
Abyss: Depths:1 Depths:2 Depths:3 Depths:4
Pandemonium: Depths:2
Ziggurat: Depths:3

Annotations:
D:4 2 runed translucent doors
Hell Geryon


Innate Abilities, Weirdness & Mutations

You are too large for most types of armour.
You have claws for hands.
Your natural rate of healing is unusually fast.
You are covered in fur. (AC +1)
You have tough skin. (AC +1)
You have a pair of small antennae on your head.
You have a beak for a mouth.
You have large cloven feet.
You are partially covered in iridescent scales. (AC +2)
You are robust. (+10% HP)
Your muscles are strong. (Str +4, Int/Dex -1)
You occasionally lose the ability to read scrolls when taking damage.


Message History

You block the black draconian knight's attack.
You block the storm dragon's attack.
The storm dragon claws you but does no damage.
You block the storm dragon's attack.
The black draconian knight hits you with a +0 battleaxe!
* * * LOW HITPOINT WARNING * * *
The purple draconian is distracted by your dazzling golden aura.
The storm dragon bites you but does no damage.
The storm dragon claws you but does no damage.
The storm dragon tramples you!
* * * LOW HITPOINT WARNING * * *
You stumble backwards!
The storm dragon attacks as you move away!
You block the storm dragon's attack. The storm dragon barely misses you.
The storm dragon tramples you but does no damage.
The purple draconian shifter attacks as you move away!
You block the purple draconian shifter's attack.
You feel sick.
The purple draconian shifter is no longer distracted by gold.
The yellow draconian annihilator is no longer distracted by gold.
The white draconian is no longer distracted by gold.
The purple draconian shifter is no longer distracted by gold.
The white draconian hits you with a +0 short sword!
* * * LOW HITPOINT WARNING * * *
The storm dragon breathes lightning at you.
The bolt of lightning hits the black draconian knight.
The black draconian knight completely resists.
The bolt of lightning hits you!!
* * * LOW HITPOINT WARNING * * *
The yellow draconian annihilator casts a spell at you.
The bolt of lightning hits the storm dragon.
The storm dragon completely resists.
The bolt of lightning hits you!
* * * LOW HITPOINT WARNING * * *
The yellow draconian annihilator is distracted by your dazzling golden aura.
The purple draconian shifter is distracted by your dazzling golden aura.
The yellow draconian annihilator casts a spell at you.
The crystal spear hits you!!!
You feel threatened and lose the ability to read scrolls!
You die...
Your body crumbles into a pile of gold.

.##.......#..#..#
..........#......
.................
...............##
............).....
......###.......#
.^...y...$......#
.z.##..$$.#..###
............@q.# .
...##......qq$D#
... ~~
#.......d..##.### ≈
#...###.d.q...#§§
#.............#..
#.....q..........
#.............#..
#...$$........#§§
......#.........###


You could see a black draconian knight (fast, invisible), a storm dragon, a
purple draconian, a white draconian (berserk), 2 draconians and 2 draconians.

Vanquished Creatures
  the Royal Jelly (Slime:5)
  Dissolution (Slime:5)
  A dread lich (Crypt:3)
  A juggernaut (Depths:4)
  Mara (Vaults:4)
  A royal mummy (Tomb:1)
  Josephina (Depths:2)
  Bai Suzhen (Swamp:4)
  Frederick (Vaults:3)
  Saint Roka (Vaults:1)
  3 caustic shrikes (Depths:4)
  4 golden dragons
  2 bone dragons
  2 doom hounds (Depths:2)
  Arachne (Spider:2)
  6 tentacled monstrosities
  Jorgrun (Elf:1)
  A walking crystal tome (Depths:2)
  4 liches
  6 titans (Vaults:5)
  A quicksilver dragon (Vaults:5)
  A walking divine tome (Depths:2)
  Grunn (Depths:2)
  2 deep elf blademasters (Elf:3)
  2 deep elf master archers (Elf:3)
  8 ancient champions
  22 acid blobs
  13 sphinxes
  A death cob (Zot:1)
  Kirke (D:14)
  Roxanne (Swamp:4)
  4 thorn hunters
  3 shadow dragons (Vaults:5)
  2 storm dragons
  10 tengu reavers
  12 azure jellies
  14 rockslimes
  6 fire giants
  6 frost giants
  A draconian knight (Zot:1)
  4 revenants
  3 draconian scorchers
  5 deep elf sorcerers
  25 vault wardens
  Aizul (Spider:2)
  The ghost of Lance11888 the Frost Mage, a journeyman BaIE of Cheibriados (Swamp:2)
  10 emperor scorpions
  2 imperial myrmidons (Desolation)
  Louise (D:15)
  An orc warlord (Orc:2)
  An iron dragon (Vaults:5)
  A curse skull (Crypt:1)
  6 ghost moths
  2 draconian stormcallers
  A deep elf elementalist (Elf:3)
  21 ghouls
  3 reapers
  4 war gargoyles
  A draconian annihilator (Zot:1)
  18 ironbound preservers
  15 very ugly things
  The ghost of Jeffwins the Skirmisher, a journeyman HuWn of Vehumet (D:15)
  8 caustic shrike skeletons (Crypt:3)
  A broodmother (Spider:2)
  13 quicksilver oozes
  17 stone giants
  10 ironbound thunderhulks
  7 vampire knights
  3 green draconians
  4 eleionomae
  A halazid warlock (Desolation)
  3 black draconians
  Azrael (Elf:1)
  6 deep elf demonologists
  A purple draconian (Zot:1)
  2 grey draconians (Depths:4)
  5 deep elf annihilators
  6 red draconians
  6 bunyips
  9 entropy weavers
  A spark wasp (Spider:2)
  26 dire elephants
  A yellow draconian (Zot:1)
  A minotaur (Gauntlet)
  4 deep elf death magi
  8 eidola
  2 mummy priests (Tomb:1)
  7 ettins
  6 crystal guardians
  Snorg (Orc:1)
  9 fire dragons
  5 deep elf high priests
  16 jiangshi
  3 jorogumos
  7 great orbs of eyes
  5 rakshasas
  17 yaktaur captains
  11 ragged hierophants (Desolation)
  A spriggan skeleton (Crypt:3)
  14 centaur warriors
  30 vault guards
  10 ice dragons
  A caustic shrike simulacrum (Depths:2)
  21 hydras
  12 servants of whispers (Desolation)
  6 boulder beetles
  2 ghost crabs
  Erolcha (D:13)
  3 spriggan air magi
  2 quicksilver dragon skeletons
  4 ogre magi
  2 death knights
  10 ironbound frosthearts
  11 peacekeepers
  9 alligators
  28 dancing weapons
  A bennu skeleton (Crypt:1)
  2 radroaches (Spider:3)
  13 two-headed ogres
  3 tengu warriors
  10 death scarabs
  7 vampire magi
  4 death yaks (Lair:4)
  2 orc high priests
  11 deep troll shamans
  12 deep troll earth magi
  Urug (D:12)
  2 hell knights
  Sonja (Lair:1)
  16 deep elf knights
  4 spriggan berserkers
  6 spriggans
  51 skeletal warriors
  3 sun moths
  A shadow wraith (Crypt:3)
  A fire crab (Lair:5)
  3 soul eaters
  3 bunyip zombies
  12 iron trolls
  2 titan skeletons (Crypt:3)
  4 pharaoh ants
  6 goliath frogs
  A storm dragon skeleton (Crypt:3)
  3 flayed ghosts
  A salamander mystic (Volcano)
  A spriggan druid (Swamp:4)
  14 swamp dragons
  7 orb spiders
  6 steelbarb worms
  73 deep trolls
  9 bog bodies
  8 harpies
  2 orc knights
  An obsidian statue (D:13)
  13 deep elf archers
  26 ironbound convokers
  5 necromancers
  5 glowing orange brains
  A bunyip skeleton (Crypt:3)
  12 phantasmal warriors
  5 wizards
  An anaconda skeleton (Crypt:3)
  An orange crystal statue (Vaults:3)
  29 deep elf zephyrmancers
  13 lindwurms
  An iron dragon zombie (Crypt:2)
  4 manticores
  An iron giant skeleton (Crypt:2)
  24 wolf spiders
  22 deep elf pyromancers
  A shining eye (Slime:2)
  6 orc sorcerers
  40 ugly things
  10 moths of wrath
  A tengu skeleton (Crypt:1)
  An oklob plant (Lair:4)
  4 salamanders (Volcano)
  5 will-o-the-wisps
  An iron dragon skeleton (Crypt:1)
  A moth of wrath (shapeshifter) (Elf:3)
  10 cyclopes
  4 guardian serpents (Desolation)
  3 black mambas
  A shadow dragon skeleton (Crypt:3)
  A stone giant skeleton (Crypt:3)
  A sphinx skeleton (Crypt:2)
  A fire giant skeleton (Vaults:4)
  11 torpor snails
  A human skeleton (Vaults:4)
  24 elephants
  An eye of devastation (Slime:1)
  An orange demon (Depths:2)
  A storm dragon simulacrum (Crypt:2)
  4 cane toads
  A smoke demon (Depths:4)
  6 demonic crawlers
  4 molten gargoyles
  3 gargoyles (D:13)
  2 centaur skeletons (Crypt:3)
  A death yak zombie (Crypt:1)
  A steelbarb worm zombie (Crypt:2)
  20 vault sentinels
  2 dire elephant skeletons (Crypt:3)
  4 unseen horrors
  A kobold demonologist (Depths:2)
  A swamp worm zombie (Crypt:3)
  A human zombie (Vaults:4)
  2 rime drakes (Lair:5)
  2 tormentors (Depths:2)
  A grey draconian zombie (Crypt:1)
  8 komodo dragons
  67 yaktaurs
  2 tengu conjurers (Depths:2)
  A komodo dragon (shapeshifter) (Vaults:4)
  9 freezing wraiths
  An ice devil (Depths:2)
  2 efreet
  A grey draconian skeleton (Crypt:2)
  A mana viper zombie (Crypt:2)
  A spark wasp simulacrum (Depths:2)
  A pale draconian skeleton (Crypt:1)
  A hydra zombie (Crypt:3)
  5 guardian mummies
  Grinder (D:4)
  17 trolls
  24 tarantellas
  An iron troll skeleton (Crypt:1)
  6 meliai
  A meliai (shapeshifter) (Vaults:5)
  12 hornets
  13 tyrant leeches
  5 harpy skeletons
  78 saltlings
  An ettin zombie (Vaults:4)
  82 slime creatures
  A mana viper skeleton (Crypt:1)
  A hydra skeleton (Crypt:3)
  A stone giant simulacrum (Crypt:3)
  19 blink frogs
  A dream sheep (shapeshifter) (Depths:3)
  A sphinx simulacrum (Depths:2)
  A spectral black mamba (Gauntlet)
  25 jumping spiders
  26 culicivoras
  3 black mamba zombies
  A shadow (D:12)
  3 air elementals
  Eustachio (D:6)
  3 ettin skeletons (Crypt:3)
  8 large abominations (Depths:1)
  5 wyverns
  9 wraiths
  A vampire (D:12)
  6 fire elementals
  5 basilisks
  5 water elementals
  2 ushabtiu (Tomb:1)
  11 humans
  16 yaks
  14 golden eyes
  2 hogs (D:14)
  2 fire bats (Volcano)
  A steam dragon (D:9)
  A yak (shapeshifter) (D:14)
  15 vampire mosquitoes
  3 small abominations (Depths:1)
  72 redbacks
  3 neqoxecs
  3 chaos spawn
  13 swamp worms
  Edmund (D:4)
  5 wargs
  3 acid dragons
  6 hell hounds (Elf:1)
  A water moccasin (shapeshifter) (D:14)
  2 floating eyes
  A glowing shapeshifter skeleton (Vaults:4)
  Duvessa (D:7)
  11 water moccasins
  A merfolk skeleton (Crypt:2)
  2 black bears
  12 swamp drakes
  29 orc warriors
  A sky beast (D:7)
  5 ice beasts
  9 centaurs
  16 wolves
  A boggart (D:15)
  24 ogres
  4 kobold brigands
  A phantom (D:5)
  12 bullfrogs
  3 gnoll sergeants
  4 necrophages
  4 water moccasin zombies (Ossuary)
  A yaktaur skeleton (Crypt:2)
  An earth elemental (Elf:2)
  A human simulacrum (Depths:2)
  3 scorpions
  A komodo dragon skeleton (Crypt:3)
  16 wights
  Dowan (D:7)
  6 killer bees
  An orc simulacrum (Vaults:1)
  A vampire bat (D:12)
  3 electric eels
  8 howler monkeys
  9 lava snakes
  5 centaur zombies
  9 bullfrog zombies (Ossuary)
  A gnoll bouda (D:9)
  13 orc priests
  4 hounds
  A jelly (D:5)
  15 mummies
  6 iguanas
  22 orc wizards
  A statue (D:10)
  3 killer bee zombies (Ossuary)
  A naga zombie (Crypt:3)
  A tengu zombie (Crypt:3)
  5 howler monkey zombies (Ossuary)
  6 adders
  17 gnolls
  A white imp (D:7)
  An ufetubus (D:6)
  An adder skeleton (Crypt:3)
  2 worms
  3 dart slugs
  74 orcs
  9 bats
  3 bat skeletons (D:12)
  2 bat zombies (D:12)
  4 endoplasms
  3 giant cockroaches
  4 goblins
  A hobgoblin (D:3)
  6 jackals
  19 kobolds
  4 quokkas
  10 ball pythons
  A ball python skeleton (Crypt:1)
  3 frilled lizards
  A goblin zombie (Crypt:3)
  A kobold skeleton (Crypt:2)
  An orc skeleton (Crypt:3)
  An orc zombie (Crypt:1)
  4 rats
  2 river rat skeletons
  3 briar patches (Swamp:4)
2444 creatures vanquished.

Vanquished Creatures (others)
  A peacekeeper (Desolation)
  A jorogumo (Spider:2)
  A goliath frog (Swamp:1)
  A will-o-the-wisp (Swamp:1)
  A bloated husk (Swamp:3)
  A tarantella (Spider:2)
  A sphinx simulacrum (Depths:2)
  A human (D:14)
  A redback (Spider:2)
  A swamp drake (Swamp:4)
  6 briar patches (Swamp:4)
  28 foxfires
  6 fungi
  51 plants
  3 withered plants
104 creatures vanquished.

Grand Total: 2548 creatures vanquished

Notes
Turn   | Place    | Note
-------+----------+-------------------------------------------
     0 | D:1      | purpskrrrp the Troll Fighter began the quest for the Orb.
     0 | D:1      | Reached XP level 1. HP: 22/22 MP: 0/0
    89 | D:1      | Reached XP level 2. HP: 29/29 MP: 1/1
   188 | D:1      | Got Kyrasitu's Spellcasting for Beginners
   738 | D:2      | Found a glowing golden altar of the Shining One.
   842 | D:2      | Reached XP level 3. HP: 34/36 MP: 2/2
   842 | D:2      | Found a faded altar of an unknown god.
  1128 | D:3      | Found a hide-covered altar of Uskayaw.
  1171 | D:3      | Found a glowing silver altar of Zin.
  1362 | D:3      | Reached skill level 3 in Unarmed Combat
  1402 | D:3      | You fall into a shaft and drop 1 floor!
  1408 | D:4      | Found a staircase to the Ecumenical Temple.
  1429 | Temple   | Entered the Ecumenical Temple
  1446 | Temple   | Became a worshipper of Gozag Ym Sagoz the Greedy
  1535 | D:4      | Reached XP level 4. HP: 39/44 MP: 3/3
  1714 | D:4      | Found a large runed translucent door.
  1715 | D:4      | Found a large runed translucent door.
  1745 | D:4      | Noticed Edmund
  1765 | D:4      | Killed Edmund
  1766 | D:4      | Reached skill level 4 in Unarmed Combat
  1766 | D:4      | Reached XP level 5. HP: 18/53 MP: 4/4
  1945 | D:4      | Noticed an ice beast
  1957 | D:4      | Killed an ice beast
  1958 | D:4      | Reached XP level 6. HP: 61/61 MP: 5/5
  1981 | D:4      | Noticed Grinder
  1984 | D:4      | Paralysed by Grinder for 4 turns
  2008 | D:4      | Killed Grinder
  2009 | D:4      | Reached skill level 5 in Unarmed Combat
  2009 | D:4      | Reached XP level 7. HP: 68/68 MP: 6/6
  2094 | D:4      | Found a bloodstained altar of Trog.
  2680 | D:5      | Entered Level 5 of the Dungeon
  2711 | D:5      | Found a glowing drain.
  2734 | Sewer    | Entered a sewer
  2915 | D:5      | Reached skill level 6 in Unarmed Combat
  2973 | D:5      | Reached XP level 8. HP: 78/78 MP: 7/7
  3360 | D:6      | Found a burning altar of Makhleb.
  3471 | D:6      | Reached skill level 5 in Shields
  3477 | D:6      | Found a shadowy altar of Dithmenos.
  3716 | D:6      | Noticed Eustachio
  3774 | D:6      | Killed Eustachio
  3775 | D:6      | Reached skill level 7 in Unarmed Combat
  4119 | D:7      | Noticed Duvessa
  4119 | D:7      | Noticed Dowan
  4123 | D:7      | Killed Duvessa
  4126 | D:7      | Killed Dowan
  4127 | D:7      | Reached skill level 5 in Dodging
  4146 | D:7      | Found a sand-covered staircase.
  4157 | Ossuary  | Entered an ossuary
  4166 | Ossuary  | Reached skill level 5 in Fighting
  4184 | Ossuary  | Reached XP level 9. HP: 86/88 MP: 8/8
  4269 | Ossuary  | Reached skill level 8 in Unarmed Combat
  4723 | D:7      | Noticed a five-headed hydra
  4784 | D:7      | Noticed a goliath frog
  4784 | D:7      | a five-headed hydra changed into a goliath frog
  5069 | D:7      | Reached skill level 9 in Unarmed Combat
  5130 | D:7      | Found an ornate altar of the Wu Jian Council.
  5355 | D:7      | Found Jutt's Jewellery Emporium.
  5362 | D:7      | Bought an amulet of regeneration for 330 gold pieces
  5448 | D:7      | Killed a goliath frog
  5449 | D:7      | Reached XP level 10. HP: 71/98 MP: 9/9
  5502 | D:7      | Found a sparkling altar of Nemelex Xobeh.
  5502 | D:7      | Found a broken altar of Ashenzari.
  5749 | D:8      | Found a shimmering altar of Xom.
  5750 | D:8      | Found a shimmering altar of Xom.
  5750 | D:8      | Found a shimmering altar of Xom.
  5981 | D:8      | Noticed a moth of wrath
  6269 | D:9      | Noticed a two-headed ogre
  6284 | D:9      | Killed a two-headed ogre
  6285 | D:9      | Reached skill level 10 in Unarmed Combat
  6291 | D:9      | Noticed a two-headed ogre
  6304 | D:9      | Killed a two-headed ogre
  6653 | D:9      | Found a stormy altar of Qazlal.
  6789 | D:9      | Reached skill level 1 in Maces & Flails
  7137 | D:10     | Entered Level 10 of the Dungeon
  7187 | D:10     | Found a staircase to the Lair.
  7270 | D:10     | Found an ancient bone altar of Kikubaaqudgha.
  7568 | D:10     | Found Kuhoenim's Assorted Antiques.
  7576 | D:10     | Bought a scroll of enchant armour for 225 gold pieces
  7576 | D:10     | Bought a polished great sword for 345 gold pieces
  7576 | D:10     | Identified the +10 great sword of the Winnowing Moth
                  | {vorpal, *Noise MP+9 Dex+3} (You bought it in a shop on
                  | level 10 of the Dungeon)
  7584 | D:10     | Found a radiant altar of Vehumet.
  7758 | D:10     | Reached XP level 11. HP: 107/107 MP: 10/10
  7911 | D:10     | Identified a scroll of acquirement
  7911 | D:10     | Acquired 1049 gold pieces
  7951 | D:9      | Bought the +0 mask of the Dragon {Will+ Slay+3 SInv} for
                  | 935 gold pieces
  7951 | D:9      | Found the +0 mask of the Dragon {Will+ Slay+3 SInv}
  8022 | Lair:1   | Entered Level 1 of the Lair of Beasts
  8032 | Lair:1   | Reached skill level 11 in Unarmed Combat
  8195 | Lair:1   | Found a gate leading to a gauntlet.
  8209 | Gauntlet | Entered a Gauntlet
  8209 | Gauntlet | Found a transporter.
  8209 | Gauntlet | Found a transporter.
  8225 | Gauntlet | Found a transporter.
  8228 | Gauntlet | Found a transporter.
  8241 | Gauntlet | Found a transporter.
  8242 | Gauntlet | Found a transporter.
  8250 | Gauntlet | Found a transporter.
  8269 | Gauntlet | Found a transporter.
  8270 | Gauntlet | Noticed an orange crystal statue
  8286 | Gauntlet | Found a transporter.
  8290 | Gauntlet | Found a transporter.
  8297 | Gauntlet | Noticed a death scarab
  8302 | Gauntlet | Found a transporter.
  8303 | Gauntlet | Found a transporter.
  8374 | Gauntlet | Identified the ring "Bommon" {Fly rElec rC+ Str+3 Int+6}
  8402 | Gauntlet | Killed a death scarab
  8409 | Gauntlet | Identified the +0 ring mail of the Cockatrice {rElec rC-
                  | Str-4 Slay+4}
  8639 | Gauntlet | Identified the +1 hat of the Mantidfly {rC- Dex+5}
  8677 | Gauntlet | Noticed a minotaur
  8689 | Gauntlet | Killed a minotaur
  8707 | Gauntlet | Identified the +1 ring mail "Jekhlemo" {rPois rF+ Int+3
                  | SInv}
  8920 | Lair:1   | Reached skill level 12 in Unarmed Combat
  8957 | Lair:1   | Noticed Sonja
  8997 | Lair:1   | Killed Sonja
  9570 | Lair:2   | Reached XP level 12. HP: 107/119 MP: 11/11
  9690 | Lair:2   | Noticed a six-headed hydra
  9713 | Lair:2   | Killed a six-headed hydra
  9883 | Lair:2   | Found a hole to the Spider Nest.
 10120 | Lair:2   | Found a staircase to the Swamp.
 10395 | Lair:3   | Noticed an eight-headed hydra
 10632 | D:11     | Identified the +4 dagger of the Loving Blowfly {vorpal,
                  | +Blink Int+5}
 10738 | D:11     | Reached skill level 13 in Unarmed Combat
 10887 | D:12     | Found Anypseul's General Store.
 10893 | D:12     | Bought a potion of curing for 33 gold pieces
 10893 | D:12     | Bought a potion of curing for 33 gold pieces
 10920 | D:12     | Noticed Urug
 10925 | D:12     | Killed Urug
 10926 | D:12     | Reached skill level 5 in Maces & Flails
 11001 | D:12     | Found a staircase to the Orcish Mines.
 11149 | D:12     | Noticed a six-headed hydra
 11158 | D:12     | Killed a six-headed hydra
 11194 | D:12     | Noticed an eight-headed hydra
 11198 | D:12     | Killed an eight-headed hydra
 11369 | D:12     | Found an ancient bone altar of Kikubaaqudgha.
 11410 | D:12     | Found Ixai's Assorted Antiques.
 11535 | D:12     | Found Vehuahyth's General Store.
 11549 | D:12     | Reached XP level 13. HP: 77/128 MP: 12/12
 11820 | D:12     | Found Wocet's Weapon Shoppe.
 12119 | D:12     | Found Beupe's Magic Scroll Emporium.
 12210 | D:13     | Noticed Erolcha
 12215 | D:13     | Killed Erolcha
 12231 | D:13     | Reached skill level 14 in Unarmed Combat
 13398 | D:9      | Bought scorched quicksilver dragon scales for 1820 gold
                  | pieces
 13398 | D:9      | Identified the quicksilver dragon scales of Xuun {rC+
                  | Will+} (You bought it in a shop on level 9 of the Dungeon)
 14236 | Orc:1    | Entered Level 1 of the Orcish Mines
 14251 | Orc:1    | Reached skill level 10 in Shields
 14278 | Orc:1    | Reached skill level 1 in Armour
 14384 | Orc:1    | Noticed Snorg
 14404 | Orc:1    | Killed Snorg
 14776 | Orc:2    | Entered Level 2 of the Orcish Mines
 14777 | Orc:2    | Noticed an orc warlord
 14795 | Orc:2    | Found a staircase to the Elven Halls.
 14974 | Orc:2    | Reached XP level 14. HP: 135/140 MP: 13/13
 15229 | Orc:2    | Killed an orc warlord
 15230 | Orc:2    | Reached skill level 15 in Unarmed Combat
 15506 | Orc:2    | Found Ynkyux's Weapon Shoppe.
 15921 | Orc:2    | Found Gyit's Distillery.
 15927 | Orc:2    | Found Ukhohyz's Book Shop.
 15929 | Orc:2    | Found Pyemulia's Armour Shoppe.
 15976 | Orc:2    | Bought a potion of mutation for 144 gold pieces
 15976 | Orc:2    | Bought a potion of might for 72 gold pieces
 15976 | Orc:2    | Bought a potion of curing for 54 gold pieces
 15976 | Orc:2    | Bought 3 potions of might for 216 gold pieces
 15976 | Orc:2    | Bought a potion of curing for 54 gold pieces
 15976 | Orc:2    | Bought a potion of curing for 54 gold pieces
 15976 | Orc:2    | Bought a potion of curing for 54 gold pieces
 16239 | Orc:2    | Bought a glimmering cloak for 285 gold pieces
 16239 | Orc:2    | Identified the +0 cloak of Egalitarianism {rF- rCorr Int+6
                  | Dex+4} (You bought it in a shop on level 2 of the Orcish
                  | Mines)
 16484 | Lair:3   | Got the Quarto of the Quarry and Changing
 17461 | Lair:4   | Found a dark tunnel.
 17469 | Volcano  | Entered a volcano
 17480 | Volcano  | Acquired a manual of Armour
 17874 | Volcano  | Found a burning altar of Makhleb.
 17887 | Volcano  | Reached skill level 10 in Fighting
 18007 | Volcano  | Gained mutation: Your muscles are strong. (Str +4, Int/Dex
                  | -1) [potion of mutation]
 18007 | Volcano  | Gained mutation: You are robust. (+10% HP) [potion of
                  | mutation]
 18007 | Volcano  | Gained mutation: You are partially covered in iridescent
                  | scales. (AC +2) [potion of mutation]
 18133 | Lair:4   | Reached skill level 10 in Dodging
 18168 | Lair:4   | Reached skill level 16 in Unarmed Combat
 18173 | Lair:4   | Reached XP level 15. HP: 112/163 MP: 14/14
 18464 | Lair:4   | Found a staircase to the Slime Pits.
 18756 | Lair:5   | Entered Level 5 of the Lair of Beasts
 18893 | Lair:5   | Reached skill level 5 in Armour
 19595 | Lair:5   | Found a runed translucent door.
 19635 | Lair:5   | Paralysed by a hornet for 1 turns
 20447 | Orc:2    | Bought distressingly furry gold dragon scales for 2550 gold
                  | pieces
 20447 | Orc:2    | Identified the +10 gold dragon scales "Boruuck" {rPois rF+
                  | rC+ rCorr} (You bought it in a shop on level 2 of the
                  | Orcish Mines)
 20649 | Swamp:1  | Entered Level 1 of the Swamp
 20851 | Swamp:1  | Reached skill level 17 in Unarmed Combat
 21408 | Swamp:2  | Found a runed translucent door.
 21409 | Swamp:2  | Noticed Lance11888's ghost (journeyman BaIE)
 21813 | Swamp:2  | Killed Lance11888's ghost
 21816 | Swamp:2  | Identified the ring of Wogy {rCorr Str-5 Int+4 Dex+6
                  | Stlth+}
 21851 | Swamp:3  | Reached XP level 16. HP: 177/178 MP: 15/15
 21926 | Swamp:3  | Noticed a thorn hunter
 21932 | Swamp:3  | Killed a thorn hunter
 22351 | Swamp:4  | Entered Level 4 of the Swamp
 22497 | Swamp:4  | Noticed a thorn hunter
 22499 | Swamp:4  | Noticed Bai Suzhen
 22509 | Swamp:4  | Killed a thorn hunter
 22509 | Swamp:4  | Noticed a thorn hunter
 22616 | Swamp:4  | Killed a thorn hunter
 22657 | Swamp:4  | Noticed a thorn hunter
 22912 | Swamp:3  | Reached skill level 18 in Unarmed Combat
 22947 | Swamp:3  | Reached skill level 10 in Armour
 23065 | Swamp:4  | Killed Bai Suzhen
 23301 | Swamp:4  | Got a decaying rune of Zot
 23329 | Swamp:4  | Killed a thorn hunter
 23425 | Swamp:4  | Identified Roxanne's Excursus on Bedrock
 23425 | Swamp:4  | Noticed Roxanne
 23443 | Swamp:4  | Killed Roxanne
 23847 | Spider:1 | Entered Level 1 of the Spider Nest
 23901 | Spider:1 | You are sucked into a shaft and drop 1 floor!
 24385 | Spider:1 | Identified the +4 trident of Hyso {freeze, rC++ rN+++ Int-2
                  | Dex-3}
 24426 | Spider:1 | Reached XP level 17. HP: 181/189 MP: 16/16
 24929 | Spider:2 | Noticed Arachne
 24949 | Spider:2 | Killed Arachne
 25343 | Spider:2 | Noticed Aizul
 25366 | Spider:2 | Killed Aizul
 25876 | Spider:3 | Reached skill level 19 in Unarmed Combat
 26552 | Spider:3 | Gained mutation: You have a pair of small antennae on your
                  | head. [mutagenic glow]
 27471 | Spider:4 | Entered Level 4 of the Spider Nest
 28158 | Spider:4 | Reached XP level 18. HP: 201/201 MP: 17/17
 28786 | Spider:4 | Identified the -1 hat "Gufoe" {Rampage rCorr Stlth+}
 28795 | Spider:4 | Got a gossamer rune of Zot
 29247 | D:14     | Reached skill level 20 in Unarmed Combat
 29552 | D:14     | Noticed Kirke
 29566 | D:14     | Killed Kirke
 29933 | D:14     | Found a gate to the Vaults.
 30129 | D:15     | Entered Level 15 of the Dungeon
 30452 | D:15     | Got Hiviwe's Monograph on Shifting
 30466 | D:15     | Identified the +3 tower shield "Zacy" {Str-5 Int+5 Slay+2
                  | SInv}
 30466 | D:15     | Noticed Louise
 30478 | D:15     | Killed Louise
 30746 | D:15     | Found a staircase to the Depths.
 30833 | D:15     | Found a runed translucent door.
 30835 | D:15     | Noticed Jeffwins's ghost (journeyman HuWn)
 30837 | D:15     | Identified the +8 spear of Overwhelming Force {vorpal,
                  | Dex+9 Stlth-}
 31050 | D:15     | Found an ornate altar of the Wu Jian Council.
 31178 | D:15     | Killed Jeffwins's ghost
 31361 | Depths:1 | Entered Level 1 of the Depths
 31770 | Depths:1 | Found a gateway to Hell.
 31829 | Depths:1 | Found Adil's Book Boutique.
 31829 | Depths:1 | Found Maikkul's Jewellery Shoppe.
 31831 | Depths:1 | Found Nah Pank's Book Boutique.
 32109 | Depths:1 | Found a one-way gate to the infinite horrors of the Abyss.
 32255 | Depths:1 | Found Hamoer's Hallowed Reliquary.
 32255 | Depths:1 | Found a glowing golden altar of the Shining One.
 32387 | Depths:1 | Reached XP level 19. HP: 212/212 MP: 18/18
 32581 | Depths:1 | Bought a potion of heal wounds for 70 gold pieces
 32581 | Depths:1 | Bought a potion of curing for 42 gold pieces
 32581 | Depths:1 | Bought a potion of curing for 42 gold pieces
 32581 | Depths:1 | Bought 4 silver boomerangs for 84 gold pieces
 32581 | Depths:1 | Bought 4 silver javelins for 134 gold pieces
 32717 | Hell     | Entered the Vestibule of Hell
 32717 | Hell     | Noticed Geryon
 32879 | Depths:2 | Noticed a golden dragon
 32903 | Depths:2 | Reached skill level 21 in Unarmed Combat
 32904 | Depths:2 | Paralysed by a floating eye for 4 turns
 32908 | Depths:2 | Killed a golden dragon
 33019 | Depths:2 | Identified the ring of Cosyihofe {Ice rPois Slay+6}
 33019 | Depths:2 | Noticed Josephina
 33039 | Depths:2 | Killed Josephina
 33187 | Depths:2 | Gained mutation: You occasionally lose the ability to read
                  | scrolls when taking damage. [a neqoxec]
 33193 | Depths:2 | Gained mutation: You have a beak for a mouth. [a neqoxec]
 33314 | Depths:2 | Found a one-way gate leading to the halls of Pandemonium.
 33342 | Depths:2 | Noticed a doom hound
 33344 | Depths:2 | Noticed a doom hound
 33346 | Depths:2 | Noticed Grunn
 33352 | Depths:2 | Killed a doom hound
 33354 | Depths:2 | Noticed a bone dragon
 33360 | Depths:2 | Killed a doom hound
 33474 | Depths:2 | Killed a bone dragon
 33495 | Depths:2 | Bought a manual of Ranged Weapons for 1040 gold pieces
 33978 | Depths:2 | Killed Grunn
 34488 | Elf:1    | Entered Level 1 of the Elven Halls
 34488 | Elf:1    | Noticed Azrael
 34506 | Elf:1    | Killed Azrael
 34558 | Elf:1    | Found Myaceck's Jewellery Shoppe.
 34665 | Elf:1    | Bought the ring "Ehiatin" {*Slow rPois AC+4 Int+9 Slay+2}
                  | for 757 gold pieces
 34665 | Elf:1    | Bought an amulet of reflection for 330 gold pieces
 34821 | Elf:1    | Reached skill level 15 in Armour
 34913 | Elf:1    | Noticed Jorgrun
 34927 | Elf:1    | Killed Jorgrun
 35405 | Elf:2    | Reached XP level 20. HP: 223/225 MP: 19/19
 35470 | Elf:2    | Paralysed by an air elemental for 1 turns
 36022 | Elf:2    | Paralysed by an air elemental for 1 turns
 36200 | Elf:2    | Found a runed translucent gate.
 36201 | Elf:2    | Found a runed translucent gate.
 36201 | Elf:2    | Found a runed translucent gate.
 36232 | Elf:2    | Reached skill level 22 in Unarmed Combat
 36535 | Elf:2    | Reached skill level 15 in Shields
 36875 | Elf:3    | Entered Level 3 of the Elven Halls
 36880 | Elf:3    | Paralysed by an air elemental for 1 turns
 37155 | Elf:3    | Found Voumul's Magic Scroll Shop.
 37749 | Elf:3    | Identified the +8 great sword "Beetleslayer" {vorpal,
                  | Str+3}
 37749 | Elf:3    | Identified the ring "Puikk" {rPois rF+ Dex+4}
 37867 | Elf:3    | Identified the +3 long sword of the Ten Moons {vorpal, rC+
                  | Stlth+}
 37941 | Elf:3    | Identified the ring "Mimot" {Str+6 Dex+2}
 38100 | Elf:3    | Got the Spellbook of Ozone
 38112 | Elf:3    | Identified the +3 glaive of a sewer {vorpal, Will+ Dex+6
                  | Stlth-}
 38465 | Vaults:1 | Entered Level 1 of the Vaults
 38733 | Vaults:1 | Found Pachoug's Distillery.
 38865 | Vaults:1 | Bought a potion of curing for 33 gold pieces
 38865 | Vaults:1 | Bought a potion of haste for 110 gold pieces
 38865 | Vaults:1 | Bought a potion of curing for 33 gold pieces
 38865 | Vaults:1 | Bought a potion of curing for 33 gold pieces
 38865 | Vaults:1 | Bought a potion of berserk rage for 55 gold pieces
 38865 | Vaults:1 | Bought a potion of mutation for 88 gold pieces
 39264 | Vaults:1 | Reached XP level 21. HP: 235/235 MP: 20/20
 39273 | Vaults:1 | Noticed Saint Roka
 39310 | Vaults:1 | Killed Saint Roka
 39456 | Vaults:1 | Found Vorphoyc's Antique Weapon Emporium.
 39489 | Vaults:1 | Bought a scorched rapier for 180 gold pieces
 39489 | Vaults:1 | Identified the +3 rapier of Wrongful Imprisonment {holy,
                  | *Corrode rPois Int-3 Dex+10} (You bought it in a shop on
                  | level 1 of the Vaults)
 39517 | Vaults:1 | Found Acyl's Antique Weapon Shoppe.
 39525 | Vaults:1 | Bought a runed quick blade for 576 gold pieces
 39854 | Vaults:1 | Identified the +4 ring mail "Zaclos" {rN+}
 40146 | Vaults:2 | Found a crumbling gateway.
 40153 | Desolati | Entered the Desolation of Salt
 40341 | Desolati | Reached skill level 23 in Unarmed Combat
 40534 | Desolati | Identified the ring "Nera Bint" {Fire rCorr Str+2}
 40543 | Desolati | Got the Omnibus of Stones and Guile
 40647 | Desolati | Identified the ring "Feygarphe" {rC- rN+ Will++ rCorr MP+9}
 40797 | Desolati | Got the Vellum of Conjuration and the Birds
 40808 | Desolati | Identified the ring "Rixtonoc" {EV+4 Str+5 Int+3 Dex+4}
 40813 | Desolati | Got the Compendium of Shadows
 40816 | Desolati | Identified the ring of Qum Woawn {Wiz rF+ rC+ Str+5 Dex-2}
 41146 | Desolati | Got the Atlas of Meteoric Formation
 41149 | Desolati | Identified the ring of Ozibaf {Ice rCorr}
 41174 | Desolati | Identified the +7 quarterstaff of the Land of Plenty {pain,
                  | rC+}
 41543 | Vaults:2 | Found a staircase to the Crypt.
 42094 | Vaults:2 | Reached XP level 22. HP: 237/248 MP: 21/21
 42129 | Vaults:2 | Identified the ring "Bezis" {EV+4 Str+6 Dex+4}
 42156 | Vaults:2 | Reached skill level 15 in Fighting
 42232 | Vaults:2 | Found Weuvorch's General Store.
 42387 | Vaults:2 | Bought a potion of haste for 160 gold pieces
 42387 | Vaults:2 | Bought a scroll of magic mapping for 120 gold pieces
 43140 | Vaults:3 | Noticed Frederick
 43153 | Vaults:3 | Killed Frederick
 43939 | Vaults:3 | Reached skill level 24 in Unarmed Combat
 44624 | Vaults:4 | Noticed Mara
 44628 | Vaults:4 | Killed Mara
 45228 | Vaults:4 | Identified the +1 longbow "Qaehafeb" {flame, *Corrode
                  | +Blink Int+2 Dex+2}
 45429 | Vaults:4 | Reached XP level 23. HP: 235/262 MP: 22/22
 45825 | Vaults:5 | Entered Level 5 of the Vaults
 47088 | Vaults:5 | Identified the ring of the Harvest {rF+ rN+}
 47249 | Vaults:5 | Got a silver rune of Zot
 47348 | Vaults:5 | Identified the +9 lajatang "Ytacetteuc" {flame, rC- Str+5}
 47363 | Vaults:5 | Identified the +1 war axe of Guirch {freeze, rN+ SInv}
 47364 | Vaults:5 | Identified the ring "Hyrezikh" {rPois rF+}
 47390 | Vaults:5 | Identified the +4 chain mail of the Furrier {rN+ Regen+
                  | Int+2}
 47460 | Vaults:5 | Found Teujed's Magic Scroll Emporium.
 47465 | Vaults:5 | Bought a scroll of teleportation for 33 gold pieces
 47465 | Vaults:5 | Bought a scroll of poison for 44 gold pieces
 47465 | Vaults:5 | Bought a scroll of silence for 104 gold pieces
 47465 | Vaults:5 | Bought a scroll of fear for 44 gold pieces
 47465 | Vaults:5 | Bought a scroll of blinking for 82 gold pieces
 47489 | Vaults:5 | Found Tibem's Magic Scroll Shoppe.
 47495 | Vaults:5 | Reached skill level 25 in Unarmed Combat
 47499 | Vaults:5 | Bought a scroll of fear for 60 gold pieces
 47499 | Vaults:5 | Bought 2 scrolls of poison for 120 gold pieces
 47499 | Vaults:5 | Bought a scroll of teleportation for 45 gold pieces
 47507 | Vaults:5 | Found Yvusimul's Magic Scroll Boutique.
 47511 | Vaults:5 | Bought a scroll of blinking for 97 gold pieces
 47511 | Vaults:5 | Bought a scroll of enchant weapon for 97 gold pieces
 47511 | Vaults:5 | Bought a scroll of magic mapping for 97 gold pieces
 47511 | Vaults:5 | Bought a scroll of enchant weapon for 97 gold pieces
 47511 | Vaults:5 | Bought a scroll of butterflies for 52 gold pieces
 47511 | Vaults:5 | Acquired the amulet "Baunekoa" {RegenMP rPois Regen+
                  | Slay+5}
 47711 | Vaults:5 | Got Zoukys's Essays on Terrestrial Fog
 47754 | Vaults:5 | Found Lioff's Magic Scroll Shop.
 47759 | Vaults:5 | Bought a scroll of summoning for 123 gold pieces
 47759 | Vaults:5 | Bought a scroll of blinking for 97 gold pieces
 47759 | Vaults:5 | Bought a scroll of silence for 123 gold pieces
 47767 | Vaults:5 | Found Alystri's Magic Scroll Boutique.
 47780 | Vaults:5 | Bought a scroll of butterflies for 48 gold pieces
 47780 | Vaults:5 | Bought a scroll of magic mapping for 90 gold pieces
 47780 | Vaults:5 | Bought a scroll of silence for 114 gold pieces
 47780 | Vaults:5 | Bought a scroll of butterflies for 48 gold pieces
 47788 | Vaults:5 | Found Okoel's Distillery.
 47793 | Vaults:5 | Bought a potion of curing for 57 gold pieces
 47793 | Vaults:5 | Bought a potion of haste for 190 gold pieces
 47793 | Vaults:5 | Bought a potion of heal wounds for 95 gold pieces
 47793 | Vaults:5 | Bought a potion of curing for 57 gold pieces
 47793 | Vaults:5 | Bought a potion of curing for 57 gold pieces
 47945 | Vaults:5 | Got the Exposition on Snow
 47995 | Vaults:5 | Reached skill level 15 in Dodging
 48068 | Vaults:5 | Got the Reference Book on Vapour
 48069 | Vaults:5 | Identified the -1 pair of gloves "Unnasup" {rF+}
 48084 | Vaults:5 | Got the Precepts of Injurious Conflagration
 48291 | Vaults:5 | Identified the +1 scale mail of Kouliwua {rF+}
 48705 | Depths:3 | Found a one-way gateway to a ziggurat.
 48716 | Depths:3 | Paralysed by a floating eye for 3 turns
 48728 | Depths:3 | Paralysed by a floating eye for 2 turns
 48853 | Depths:3 | Reached XP level 24. HP: 258/278 MP: 19/22
 49702 | Depths:3 | Got the Lectures on Creative Outbursts
 49836 | Depths:4 | Entered Level 4 of the Depths
 49904 | Depths:4 | Noticed a juggernaut
 49913 | Depths:4 | Killed a juggernaut
 50628 | Depths:4 | Found a gate to the Realm of Zot.
 50771 | Depths:4 | Identified the +1 leather armour of Huawuw {Harm rN+ Dex+7}
 51264 | Slime:1  | Entered Level 1 of the Pits of Slime
 51627 | Slime:2  | Gained mutation: You have large cloven feet. [a shining
                  | eye]
 52728 | Slime:3  | Reached skill level 26 in Unarmed Combat
 53519 | Slime:5  | Entered Level 5 of the Pits of Slime
 53541 | Slime:5  | Noticed Dissolution
 53547 | Slime:5  | Paralysed by a floating eye for 2 turns
 53604 | Slime:5  | Noticed the Royal Jelly
 53639 | Slime:5  | Killed the Royal Jelly
 53985 | Slime:5  | Killed Dissolution
 54083 | Slime:5  | Got a slimy rune of Zot
 54087 | Slime:5  | Found the +2 shield of Resistance {rF++ rC++ Will++}
 54114 | Slime:5  | Identified the +5 dagger of the Pit {freeze, Dex+3 Stlth+}
 54158 | Slime:5  | Identified the +2 ring mail "Sasuace" {Fly rPois Dex+8
                  | Stlth-}
 54159 | Slime:5  | Identified the +5 triple crossbow of Growth {flame, Int+3}
 54516 | Slime:5  | Reached XP level 25. HP: 271/291 MP: 22/22
 55290 | Crypt:1  | Entered Level 1 of the Crypt
 55302 | Crypt:1  | Identified the +4 scale mail "Paxtabir" {Rampage rElec
                  | Str+5 Dex-3}
 55745 | Crypt:1  | Got the Guide on the Iceberg
 56831 | Crypt:3  | Entered Level 3 of the Crypt
 57224 | Crypt:3  | Reached skill level 27 in Unarmed Combat
 57568 | Crypt:3  | Found a staircase to the Tomb.
 57991 | Crypt:3  | Noticed a dread lich
 57995 | Crypt:3  | Killed a dread lich
 58030 | Crypt:3  | Identified the +7 spear "Hetunwom" {freeze, Will+ Str+2
                  | Int+3}
 58795 | Tomb:1   | Entered Level 1 of the Tomb of the Ancients
 58887 | Tomb:1   | Reached XP level 26. HP: 265/303 MP: 22/22
 59201 | Tomb:1   | Noticed a royal mummy
 59214 | Tomb:1   | Killed a royal mummy
 59222 | Tomb:1   | Noticed a royal mummy
 59225 | Tomb:1   | Noticed a royal mummy
 59779 | Zot:1    | Entered Level 1 of the Realm of Zot
 59917 | Zot:1    | Killed from afar by a yellow draconian annihilator

Illustrated notes

Levels and vault maps discovered:
D:1:      dpeg_arrival_oval, layout_loops_ring, minivault_19, glass_columns_b,
          serial_bayou_pond_b
D:2:      layout_rooms, nicolae_ecumenical_snake_handling, basic_altar
D:3:      layout_loops_cross, nicolae_uskayaw_murder_on_the_dancefloor,
          mainiacjoe_overflow_chevrons, nicolae_titane
D:4:      layout_basic, trog_book, jmf_multi_god_temple2,
          minmay_temple_entry_mini_moons, uniq_edmund, uniq_grinder
D:5:      layout_cave_pools, portal_sewer_entry_a
D:6:      layout_gridville, mainiacjoe_overflow_cross_hatched,
          mainiacjoe_overflow_concentric_impassable, uniq_eustachio
D:7:      layout_basic, gammafunk_temple_overflow_wave,
          mainiacjoe_overflow_six_doors_small, chequers_ossuary_entry_cave,
          serial_shops, nicolae_lakefront_shop, minmay_misc_feat_diagonals,
          minmay_fractal_squares_5, uniq_duvessa
D:8:      layout_cave_pools, xom_shifter_show
D:9:      layout_stronghold, grunt_qazlal_sundering
D:10:     layout_layer_cave, vehumet_statue, mainiacjoe_overflow_boulevard,
          david_lair_shrubbed, serial_shops, nicolae_lakefront_shop
D:11:     layout_rooms
D:12:     kennysheep_blocky_hall, layout_irregular_city, orc_0_dummy,
          serial_shops, nicolae_inconvenience_store, shop,
          nicolae_lakefront_shop, nicolae_shop_stone, shop,
          kennysheep_vampire_church, uniq_urug
D:13:     layout_layer_cave, minmay_statue_bubble, uniq_erolcha
D:14:     layout_small_grid, ximxim_vaults_locker_room, serial_bayou_pond_e,
          lightli_fourway_metalbox, uniq_kirke
D:15:     grunt_enter_depths_snipers, layout_stronghold,
          pdpol_wu_jian_five_deadly_venoms, ebering_ghost_funeral_grove,
          uniq_louise
Temple:   hellmonk_temple_two_chambers
Lair:1:   layout_regular_city, gauntlet_entry_generic, lemuel_fruit_fields,
          uniq_sonja
Lair:2:   layout_regular_city, minmay_swamp_entry_worms, spider_nest_entry_webs,
          st_stairs_3, infiniplex_staircase_pool
Lair:3:   layout_cave_pods, lemuel_fruit_tree
Lair:4:   layout_gridlike, slime_entry_1, nicolae_volcano_entry_hallway,
          grunt_megastairs_2
Lair:5:   wormcave, layout_hall_layers, guppyfry_lair_end_dragon,
          grunt_forest_large_clearing_hut
Swamp:1:  layout_basic_swamp, evilmike_swamp_ruin_house_6
Swamp:2:  layout_falls_marsh, gammafunk_ghost_grave, evilmike_swamp_ruin_house_3
Swamp:3:  layout_basic_swamp, evilmike_swamp_ruin_rubble_1
Swamp:4:  swamp_alternative, layout_basic_swamp, uniq_bai_suzhen, uniq_roxanne
Spider:1: layout_spider_delve
Spider:2: layout_cave_pods, uniq_arachne, uniq_aizul
Spider:3: nicolae_spider_hilbert_zone_4 [nicolae_spider_hilbert_4_sides_2_open,
          nicolae_spider_hilbert_4_sides_1_open,
          nicolae_spider_hilbert_4_sides_1_open,
          nicolae_spider_hilbert_4_sides_1_open,
          nicolae_spider_hilbert_4_sides_1_open,
          nicolae_spider_hilbert_2_sides_1_open,
          nicolae_spider_hilbert_2_sides_1_open,
          nicolae_spider_hilbert_2_sides_1_open,
          nicolae_spider_hilbert_2_sides_1_open,
          nicolae_spider_hilbert_6_sides_1_open,
          nicolae_spider_hilbert_6_sides_1_open,
          nicolae_spider_hilbert_3_sides_1_open,
          nicolae_spider_hilbert_3_sides_1_open]
Spider:4: grunt_spider_rune_circles, guppyfry_spider_mini_2
Slime:1:  layout_caves
Slime:2:  layout_caves, cheibrodos_slime_lost_civilization_4
Slime:3:  layout_caves, basic_altar
Slime:4:  layout_caves
Slime:5:  uniq_dissolution
Orc:1:    layout_caves, mines2_david, uniq_snorg
Orc:2:    st_orc_open, layout_caves
Elf:1:    minmay_elf_arrival_plus, layout_loops_cross, st_stairs_9,
          chequers_hall_statues_wall_a, minmay_shop_enchanted_jewellery,
          uniq_jorgrun, uniq_azrael
Elf:2:    nicolae_elf_blades_crystal_corner, layout_gridlike
Elf:3:    elf_hall_gauntlet_narrow, layout_rooms, serial_shops,
          nicolae_shop_window_shopping
Vaults:1: nicolae_vaults_little_squares_4, v_misc_4, v_misc_19, serial_ice_m,
          v_pattern_1, vaults_room_octagon, v_alt_pattern_1,
          hangedman_vaults_stream, v_misc_26, hangedman_vaults_capsules,
          nicolae_vaults_three_branches, ontoclasm_vaults_loading_screen,
          layout_vaults_omnicross, serial_shops, shop_statue, shop,
          nicolae_shop_hallway_stairs, uniq_saint_roka
Vaults:2: portal_desolation_entry_nicolae_nacl, grunt_vaults_hallway_short,
          minmay_crypt_entry_simple_plaza, ontoclasm_vaults_gateway,
          nicolae_vaults_windows_and_doors_thing, vaults_room_fours,
          ontoclasm_vaults_ring_small, nicolae_vaults_network_quinsquares
          [nicolae_vaults_network_quincunx_subvault,
          nicolae_vaults_network_quincunx_subvault,
          nicolae_vaults_network_quincunx_subvault,
          nicolae_vaults_network_quincunx_subvault], v_rooms_6,
          hangedman_vaults_stitches, ontoclasm_vaults_hangar, v_misc_13,
          vaults_mumra_minichess_inversion, ontoclasm_vaults_decontamination,
          vaults_dpeg_encased_lava, ontoclasm_vaults_tryst, vaults_room_pool,
          layout_vaults_ring, serial_shops, shop
Vaults:3: nicolae_vaults_statue_guard, hangedman_vaults_cutoff,
          vaults_dpeg_emergency_exit, nicolae_vaults_little_squares_3,
          vaults_mumra_minichess, nicolae_vaults_little_squares_3,
          nicolae_vaults_network_star, v_pattern_5, layout_vaults_big_room,
          uniq_frederick
Vaults:4: hangedman_vaults_cutoff, nicolae_vaults_puzzle_piece,
          vaults_standard_mumra_x, nicolae_vaults_good_morning_starshine,
          v_misc_4, nicolae_vaults_gold_heap, nicolae_vaults_little_squares_2,
          layout_vaults_omnigrid, uniq_mara
Vaults:5
Crypt:1:  layout_rooms
Crypt:2:  layout_regular_city, roderic_lattice_octagonal_star
Crypt:3:  due_elkab, layout_chaotic_city, tomb_entry_simple_bobbens,
          serial_co_window_serial, co_window_paths_a, co_window_paths_a,
          co_window_corner_a, co_window_corner_a, co_window_paths_b,
          co_window_paths_a, co_window_paths_a, co_window_paths_a,
          co_window_corner_a, co_window_corner_b, co_window_corner_b,
          co_window_paths_d, glass_columns_b, glass_columns_c, glass_columns_b,
          amcnicky_mini_rare_corridor_liquid
Tomb:1
Depths:1: layout_gridlike, minmay_room_of_horrors, dreamdust_wishing_well,
          hell_entry, nicolae_good_shop, minmay_shop_grove
Depths:2: minmay_outward_triangles, layout_basic, infiniplex_staircase_pool_2,
          rand_demon_pan_entry_3, marbit_kobold_abyss_entry, hell_entry,
          grunt_megastairs_4, uniq_grunn, uniq_josephina
Depths:3: kennysheep_cluttered_fort, layout_honeycomb, enter_ziggurat_b,
          abyss_entry, grunt_hell_entry_dis_old
Depths:4: evilmike_zot_entry_gauntlet, layout_basic, abyss_entry,
          hangedman_coc_ice_floe, minmay_misc_feat_roman,
          hangedman_abyss_or_decor_lesser_grid
Hell
Zot:1:    layout_basic, nicolae_transmutations_shop

Skill      XL: |  1  2  3  4  5  6  7  8  9 10 11 12 13 14 15 16 17 18 19 20 21 22 23 24 25 26 |
---------------+-------------------------------------------------------------------------------+-----
Shields        | 3 4 5 6 7 8 9 10 11 12 13 14 15 16 17 18 19 | 19.1
Unarmed Combat | 3 4 5 6 7 9 10 12 13 14 16 17 18 19 20 21 22 23 24 25 26 27 | 27.0
Fighting       | 3 4 5 6 7 8 9 10 11 12 13 14 16 17 18 19 | 19.1
Dodging        | 3 4 5 6 7 8 9 10 12 13 14 15 16 | 16.9
Maces & Flails | 1 4 5 7 |  7.9
Armour         | 1 4 8 11 12 13 15 16 17 18 19 | 19.9

Action                   |  1- 3 |  4- 6 |  7- 9 | 10-12 | 13-15 | 16-18 | 19-21 | 22-24 | 25-27 || total
-------------------------+-------+-------+-------+-------+-------+-------+-------+-------+-------++-------
Melee: Unarmed           |   123 |    42 |   339 |   566 |  1140 |  1530 |  1349 |  1273 |   650 ||  7012
       Flail             |       |       |     1 |    23 |    62 |    68 |       |       |       ||   154
       Giant spiked club |       |       |       |    13 |       |       |       |       |       ||    13
       Punch             |       |       |       |     2 |       |       |       |       |       ||     2
       Peck              |       |       |       |       |       |       |   306 |   390 |   174 ||   870
       Kick              |       |       |       |       |       |       |       |    86 |   304 ||   390
Throw: Javelin           |       |     8 |     2 |       |    31 |       |       |       |       ||    41
       Dart              |       |       |     2 |     3 |       |       |       |       |       ||     5
       Throwing net      |       |       |       |     2 |       |       |       |       |       ||     2
       Large rock        |       |       |       |       |    24 |    11 |     3 |       |       ||    38
Invok: Call Merchant     |       |       |       |     1 |     1 |     3 |     1 |       |       ||     6
Evoke: Wand              |       |       |     4 |    13 |    14 |       |       |     1 |       ||    32
  Use: Scroll            |     5 |     1 |    11 |    15 |     9 |    10 |     8 |     8 |     2 ||    69
       Potion            |     1 |     3 |     8 |    15 |     1 |     3 |     4 |     6 |     5 ||    46
 Stab: Sleeping          |       |     2 |     1 |       |       |       |       |       |       ||     3
       Distracted        |       |       |     1 |     2 |     4 |    10 |    20 |    11 |     5 ||    53
       Invisible         |       |       |       |     2 |     1 |       |       |       |       ||     3
       Confused          |       |       |       |       |       |     1 |       |       |       ||     1
Armor: Robe              |    38 |    14 |   153 |   207 |    33 |       |       |       |       ||   445
       Quicksilver drago |       |       |       |       |   329 |       |       |       |       ||   329
       Gold dragon scale |       |       |       |       |   175 |  1272 |   500 |   698 |   274 ||  2919
Dodge: Dodged            |    43 |     9 |   119 |   246 |   436 |   421 |   204 |   361 |   157 ||  1996
Block: Kite shield       |    45 |    20 |   195 |   369 |   893 |  1415 |   926 |  1041 |   395 ||  5299
       Reflection        |       |       |       |       |       |       |    60 |   101 |       ||   161

Table legend: (Time is in decaauts)
 A = Elapsed time spent in this place.
 B = Non-inter-level travel time spent in this place.
 C = Inter-level travel time spent in this place.
 D = Time resting spent in this place.
 E = Time spent auto-exploring this place.
 F = Levels seen in this place.
 G = Mean time per level.
                   A        B        C        D        E       F      G
               +--------+--------+--------+--------+--------+-----+--------+
         Total |  58133 |  52693 |   5440 |   3018 |  35986 |  59 |  985.3 |
       Dungeon |  14346 |  12222 |   2124 |    355 |   9020 |  15 |  956.4 |
        Temple |     23 |     18 |      5 |      0 |     11 |   1 |   23.0 |
          Lair |   5678 |   4863 |    815 |    171 |   3584 |   5 | 1135.6 |
         Swamp |   3050 |   2841 |    209 |    154 |   1752 |   4 |  762.5 |
   Spider Nest |   4976 |   4652 |    324 |    478 |   2984 |   4 | 1244.0 |
    Slime Pits |   3628 |   3539 |     89 |    382 |   2369 |   5 |  725.6 |
  Orcish Mines |   2232 |   1944 |    288 |     99 |   1101 |   2 | 1116.0 |
   Elven Halls |   3743 |   3502 |    241 |    388 |   2126 |   3 | 1247.7 |
        Vaults |   8317 |   7904 |    413 |    501 |   5656 |   5 | 1663.4 |
         Crypt |   3476 |   3281 |    195 |    181 |   2326 |   3 | 1158.7 |
          Tomb |    497 |    472 |     25 |      0 |    314 |   1 |  497.0 |
        Depths |   5240 |   4531 |    709 |    185 |   3175 |   4 | 1310.0 |
          Hell |      6 |      6 |      0 |      0 |      0 |   1 |    6.0 |
           Zot |    115 |    115 |      0 |      0 |     55 |   1 |  115.0 |
         Sewer |    112 |    112 |      0 |      0 |     66 |   1 |  112.0 |
       Ossuary |    409 |    409 |      0 |      0 |    175 |   1 |  409.0 |
       Volcano |    552 |    552 |      0 |      0 |    294 |   1 |  552.0 |
    Desolation |   1228 |   1228 |      0 |     22 |    779 |   1 | 1228.0 |
      Gauntlet |    496 |    496 |      0 |    100 |    198 |   1 |  496.0 |
               +--------+--------+--------+--------+--------+-----+--------+

Top non-repeatable levels by time:
Vaults:4: 2146 daAuts
 Crypt:3: 1985 daAuts
Vaults:5: 1812 daAuts
    D:13: 1781 daAuts
Vaults:2: 1709 daAuts
Spider:3: 1695 daAuts
Vaults:1: 1604 daAuts
    D:12: 1492 daAuts
    D:15: 1475 daAuts
  Lair:5: 1470 daAuts
Depths:1: 1470 daAuts
   Elf:2: 1455 daAuts
Depths:2: 1428 daAuts
   Elf:3: 1404 daAuts
Spider:4: 1272 daAuts
